 Dungeon Crawl Stone Soup version 0.29.0-4-gdea44cf6ec (webtiles) character file.

Game seed: 17321311551665356216

74 qw the Chopper (level 4, -2/26 HPs)
             Began as a Tengu Warper on Aug 28, 2022.
             Slain by a hobgoblin (4 damage)
             ... on level 2 of the Dungeon.
             The game lasted 00:00:09 (1427 turns).

qw the Chopper (Tengu Warper)                       Turns: 1427, Time: 00:00:09

Health: -2/26      AC:  3    Str: 13    XL:     4   Next: 28%
Magic:  8/8        EV: 12    Int: 13    God:
Gold:   34         SH:  0    Dex: 14    Spells: 7/7 levels left

rFire   . . .      SeeInvis +   Y - +0 hand axe
rCold   . . .      Faith    .   (no shield)
rNeg    . . .      Spirit   .   b - +0 leather armour
rPois   .          Reflect  .   (helmet restricted)
rElec   .          Harm     .   (no cloak)
rCorr   .          Rampage  .   (no gloves)
Will    .....                   (boots unavailable)
Stlth   +.........              (no amulet)
HPRegen 0.08/turn               h - ring of see invisible
MPRegen 0.11/turn               (no ring)

@: no status effects
A: beak, talons 3
a: no special abilities


You were on level 2 of the Dungeon.
You visited 1 branch of the dungeon, and saw 2 of its levels.

You collected 34 gold pieces.


Innate Abilities, Weirdness & Mutations

You have a beak for a mouth.
You have claws for feet.


   Skills:
 - Level 2.0 Fighting
 + Level 4.9 Axes
 - Level 1.0 Throwing
 - Level 1.1 Armour
 - Level 2.1 Dodging
 - Level 2.0 Spellcasting
 - Level 2.4 Translocations


You had 7 spell levels left.
You didn't know any spells.
Your spell library contained the following spells:

 Spells                   Type           Power      Damage    Failure   Level
 Blink                    Tloc           14%        N/A       19%         2
 Gell's Gravitas          Tloc           7%         N/A       36%         3
 Lesser Beckoning         Tloc           7%         N/A       36%         3
 Teleport Other           Tloc           7%         N/A       36%         3
 Manifold Assault         Tloc           7%         N/A       98%         5

Inventory:

Hand Weapons
 f - a +0 club
 Y - a +0 hand axe (weapon)
Missiles
 j - a boomerang (quivered)
Armour
 b - a +0 leather armour (worn)
Jewellery
 h - a ring of see invisible (left hand)
Scrolls
 a - a scroll of amnesia {unknown}
 c - 2 scrolls of enchant armour
Potions
 d - a potion of attraction {unknown}
 e - a potion of cancellation {unknown}
 g - a potion of flight {unknown}
 i - 2 potions of curing {unknown}
 l - a potion of might {unknown}

Dungeon Overview and Level Annotations

Branches:
Dungeon (2/15)

Altars:


Message History

Terence barely misses you.
You hit Terence but do no damage. You claw Terence, but do no damage.
Terence is moderately wounded.
Terence barely misses you.
You hit Terence but do no damage. You claw Terence, but do no damage.
You peck Terence.
Terence is heavily wounded.
Terence hits you but does no damage.
You hit Terence. You claw Terence, but do no damage.
Terence is heavily wounded.
Terence hits you with a +0 mace.
You hit Terence. Your kick misses Terence.
Terence is almost dead.
Terence hits you with a +0 mace.
You hit Terence. You peck Terence.
You kill Terence!
The kobold hits you with a +0 dagger.
You have reached level 4!
You feel agile.
You hit the kobold but do no damage. You claw the kobold.
The kobold is moderately wounded.
A hobgoblin comes into view.
The kobold hits you with a +0 dagger.
1412 ||| Stepping ~*~*~tactically~*~*~ (stealth).
You closely miss the kobold. Your kick misses the kobold.
The kobold is moderately wounded.
The kobold hits you but does no damage.
You completely miss the kobold. You peck the kobold.
You kill the kobold!
You start resting.
A hobgoblin is nearby!
1424 ||| FLEEEEING.
The hobgoblin shouts!
1425 ||| FLEEEEING.
You hit the hobgoblin.
The hobgoblin is heavily wounded.
The hobgoblin closely misses you.
You closely miss the hobgoblin.
The hobgoblin is heavily wounded.
The hobgoblin hits you.
You die...

........# #.#.#.#
#####.### #...... #.#
###..## #.# #..## ##'##
#..## ##...## #....
##....%## ##.## ..
##.......## ##.##
....###@........####...#
......g.........'.......
....###)......>.####.).#
.. ##.......## ##.##
##.....## #...# ##...##
#...# ##+## #...# ##.##
#.#


You could see a hobgoblin.

Vanquished Creatures
  Terence (D:2)
  A gnoll (D:1)
  4 ball pythons
  4 bats (D:1)
  6 endoplasms
  A giant cockroach (D:1)
  2 goblins
  5 hobgoblins
  5 kobolds
  A quokka (D:1)
  2 frilled lizards
  3 rats
35 creatures vanquished.

Notes
Turn   | Place    | Note
-------+----------+-------------------------------------------
     0 | D:1      | qw the Tengu Warper began the quest for the Orb.
     0 | D:1      | Reached XP level 1. HP: 12/12 MP: 4/4
     0 | D:1      | 0 ||| qw: Version: 0.1-a-89-g26bdef1
     0 | D:1      | 0 ||| qw: Game counter: 1002
     0 | D:1      | 0 ||| qw: Always use a shield: true
     0 | D:1      | 0 ||| qw: God list: Okawaru
     0 | D:1      | 0 ||| qw: Allow faded altars: false
     0 | D:1      | 0 ||| qw: Do Orc after D:15 true
     0 | D:1      | 0 ||| qw: Do second Lair branch before Depths: true
     0 | D:1      | 0 ||| qw: Lair rune preference: random
     0 | D:1      | 0 ||| qw: Plans: Normal
     0 | D:1      | 0 ||| PLANNING D:1-11
    63 | D:1      | 63 ||| Stepping ~*~*~tactically~*~*~ (stealth).
    76 | D:1      | 76 ||| Stepping ~*~*~tactically~*~*~ (stealth).
    77 | D:1      | 77 ||| Stepping ~*~*~tactically~*~*~ (stealth).
   107 | D:1      | Reached skill level 3 in Axes
   107 | D:1      | Reached XP level 2. HP: 17/17 MP: 6/6
   123 | D:1      | Found a faded altar of an unknown god.
   409 | D:1      | Reached XP level 3. HP: 21/21 MP: 7/7
   758 | D:1      | HP: 2/21 [gnoll/+0 club (5)]
   760 | D:1      | Reached skill level 4 in Axes
   769 | D:1      | HP: 2/21 [bat (1)]
   775 | D:1      | HP: 1/21 [bat (1)]
  1157 | D:1      | 1157 ||| UPGRADING to ring of see invisible.
  1158 | D:1      | 1158 ||| READING scroll labelled QARIUF YC OWU.
  1159 | D:1      | 1159 ||| READING scroll labelled ZUISMOE DUIWN.
  1163 | D:1      | 1163 ||| READING scroll labelled XIOHIB JUANAL.
  1164 | D:1      | 1164 ||| READING scroll labelled XURUVV IMUJ.
  1165 | D:1      | 1165 ||| DROPPING scroll of blinking.
  1394 | D:2      | Noticed Terence
  1408 | D:2      | HP: 4/21 [Terence/+0 mace (4)]
  1410 | D:2      | Killed Terence
  1410 | D:2      | HP: 1/21 [kobold/+0 dagger (1)]
  1411 | D:2      | Reached XP level 4. HP: 2/26 MP: 8/8
  1412 | D:2      | 1412 ||| Stepping ~*~*~tactically~*~*~ (stealth).
  1424 | D:2      | 1424 ||| FLEEEEING.
  1425 | D:2      | 1425 ||| FLEEEEING.
  1427 | D:2      | Slain by a hobgoblin

Levels and vault maps discovered:
D:1:      ebering_trefoil_twist, layout_basic, basic_ecumenical_altar
D:2:      layout_loops_corners, minmay_misc_feat_chi, uniq_terence

Skill      XL: |  1  2  3 |
---------------+----------+-----
Axes           | 3 4 |  4.9
Fighting       | |  2.0
Throwing       | |  1.0
Armour         | |  1.1
Dodging        | |  2.1
Spellcasting   | |  2.0
Translocations | |  2.4

Action                   |  1- 3 |  4- 6 || total
-------------------------+-------+-------++-------
Melee: Hand axe          |    65 |     5 ||    70
       Kick              |    16 |     1 ||    17
       Peck              |    12 |     1 ||    13
       Punch             |     1 |       ||     1
Throw: Boomerang         |    23 |       ||    23
  Use: Scroll            |     4 |       ||     4
Armor: Leather armour    |    18 |     1 ||    19
Dodge: Dodged            |    34 |     1 ||    35

Table legend:
 A = Non-vault XP
 B = Vault XP
 C = Vault XP percentage of total XP
 D = Non-vault monster count
 E = Vault monster count
 F = Vault count percentage of total count
                 A         B        C        D         E       F
            +---------+---------+-------+---------+---------+-------
      Total |      70 |      36 |  34.0 |      34 |       1 |   2.9
            +---------+---------+-------+---------+---------+-------
        D:1 |      55 |       0 |   0.0 |      24 |       0 |   0.0
        D:2 |      15 |      36 |  70.6 |      10 |       1 |   9.1
            +---------+---------+-------+---------+---------+-------
